 Dungeon Crawl Stone Soup version 0.27.0-1-g7a089689b8 (webtiles) character file.

Game seed: 13876476523323391343

228 Spectrina the Magician (level 5, 0/27 HPs)
             Began as a Deep Elf Monk on Aug 7, 2021.
             Succumbed to a water moccasin's poison
             ... on level 5 of the Dungeon.
             The game lasted 00:10:11 (935 turns).

Spectrina the Magician (Deep Elf Monk)               Turns: 935, Time: 00:10:12

Health: 0/27       AC:  2    Str:  8    XL:     5   Next: 71%
Magic:  16/16      EV: 14    Int: 16    God:
Gold:   58         SH:  0    Dex: 19    Spells: 18/18 levels left

rFire    . . .     SeeInvis .   a - +1 short sword (spect)
rCold    . . .     Faith    .   (no shield)
rNeg     . . .     Spirit   .   b - +0 robe
rPois    .         Reflect  .   (no helmet)
rElec    .         Harm     .   (no cloak)
rCorr    .         Rampage  .   (no gloves)
Will     .....                  (no boots)
Stlth    ++........             e - amulet of magic regeneration
HPRegen  0.09/turn              (no ring)
MPRegen  0.40/turn              (no ring)

@: lethally poisoned (0 -> -8)
A: talons 1, agile 1, frail 1
a: no special abilities


You were on level 5 of the Dungeon.
You visited 2 branches of the dungeon, and saw 6 of its levels.

You collected 58 gold pieces.

Inventory:

Hand Weapons
 a - a +1 spectral short sword (weapon)
Missiles
 h - 13 poisoned darts (quivered)
 i - 15 arrows
Armour
 b - a +0 robe (worn)
 c - a +0 helmet
Jewellery
 e - an amulet of magic regeneration (around neck)
Potions
 d - a potion of attraction


   Skills:
 - Level 2.4 Fighting
 - Level 3.0 Short Blades
 - Level 3.6 Dodging
 - Level 2.4 Stealth
 + Level 7.4 Spellcasting


You had 18 spell levels left.
You didn't know any spells.
Your spell library was empty.

Dungeon Overview and Level Annotations

Branches:
Dungeon (5/15)             Temple (1/1) D:4

Altars:
Cheibriados
Fedhas
Gozag
Makhleb
Nemelex Xobeh
Qazlal
Ru
Uskayaw
Wu Jian
Zin

Shops:
D:4 =


Innate Abilities, Weirdness & Mutations

You have sharp toenails.
You are agile. (Dex +2)
You are frail. (-10% HP)


Message History

f - a fuming pink potion You open the door.
A water moccasin comes into view.
Found a stone staircase leading down.
There is an open door here.
Found 20 bolts.
You hit the water moccasin but do no damage.
Your spectral +1 spectral short sword barely misses the water moccasin.
The water moccasin misses you.
You hit the water moccasin.
The water moccasin is lightly wounded.
Your spectral +1 spectral short sword hits the water moccasin.
The water moccasin barely misses you.
You closely miss the water moccasin.
The water moccasin is lightly wounded.
Your spectral +1 spectral short sword hits the water moccasin.
The water moccasin closely misses you. The water moccasin misses you.
You barely miss the water moccasin.
The water moccasin is moderately wounded.
Your spectral +1 spectral short sword hits the water moccasin.
The water moccasin bites you!
You are poisoned.
The water moccasin poisons you!
Unknown command.
You closely miss the water moccasin.
The water moccasin is heavily wounded.
Your spectral +1 spectral short sword barely misses the water moccasin.
You feel very sick. The water moccasin bites you.
You miss the water moccasin.
The water moccasin is moderately wounded.
Your spectral +1 spectral short sword hits the water moccasin!
* * * LOW HITPOINT WARNING * * *
You feel very sick. The water moccasin bites you.
* * * LOW HITPOINT WARNING * * *
The water moccasin closely misses you.
It was a potion of mutation.
You feel extremely strange.
Your toenails lengthen and sharpen.
You feel frail.
You feel agile.
You die...

# #.#.....# # #.#.#.#.#
...... # #.#.#.#.#
...... #
#.#...#.#.####...... #
#.#####.#.##..>.....
#####.......#.##........
............#.##........
#####.........##....#
#.#........#@S..#..
#.#........'.ยง.....(
#.#........#....##..
#.#........######
#.......#### #########


You could see a water moccasin.

Vanquished Creatures
  A necrophage (D:4)
  An orc priest (D:4)
  2 iguanas (D:4)
  4 adders (D:4)
  2 worms (D:4)
  6 orcs (D:4)
  4 ball pythons
  A bat skeleton (D:2)
  An endoplasm (D:1)
  A hobgoblin (D:2)
  A bat (D:2)
  A frilled lizard (D:1)
  A goblin (D:4)
26 creatures vanquished.

Notes
Turn   | Place    | Note
-------+----------+-------------------------------------------
     0 | D:1      | Spectrina the Deep Elf Monk began the quest for the Orb.
     0 | D:1      | Reached XP level 1. HP: 13/13 MP: 3/3
    18 | D:1      | Reached skill level 1 in Spellcasting
   108 | D:2      | Reached skill level 2 in Spellcasting
   210 | D:4      | Found Nymmir's Jewellery Shoppe.
   240 | D:4      | Noticed a scorpion
   324 | D:4      | Reached XP level 2. HP: 5/18 MP: 7/7
   379 | D:4      | Found a glowing silver altar of Zin.
   453 | D:4      | Reached skill level 3 in Spellcasting
   453 | D:4      | Reached XP level 3. HP: 11/22 MP: 8/10
   453 | D:4      | Found a staircase to the Ecumenical Temple.
   463 | Temple   | Entered the Ecumenical Temple
   557 | D:4      | Reached skill level 4 in Spellcasting
   658 | D:4      | Reached skill level 5 in Spellcasting
   658 | D:4      | Reached XP level 4. HP: 14/27 MP: 13/13
   807 | D:4      | Noticed a necrophage
   811 | D:4      | Killed a necrophage
   812 | D:4      | Reached skill level 7 in Spellcasting
   812 | D:4      | Reached XP level 5. HP: 23/31 MP: 13/16
   861 | D:5      | Entered Level 5 of the Dungeon
   886 | D:5      | Noticed an ice beast
   926 | D:5      | Noticed a water moccasin
   935 | D:5      | Gained mutation: You have sharp toenails. [potion of
                  | mutation]
   935 | D:5      | Gained mutation: You are frail. (-10% HP) [potion of
                  | mutation]
   935 | D:5      | Gained mutation: You are agile. (Dex +2) [potion of
                  | mutation]
   935 | D:5      | Succumbed to a water moccasin's poison

Illustrated notes

Levels and vault maps discovered:
D:1:      minmay_arrival_doors, layout_loops_ring,
          shapermc_ecumenical_altar_petra
D:2:      layout_loops_corners, serial_undead, serial_undead_c, serial_undead_d,
          serial_undead_e, serial_undead_d, serial_undead_c, serial_undead_e,
          serial_undead_e, chequers_serial_rivers_room_a, minmay_tromino_v4_b
D:3:      layout_rooms, mainiacjoe_overflow_small_starburst,
          uniq_crazy_yiuf_cottage
D:4:      layout_basic, lemuel_doored_altar, temple_statues, serial_rivers,
          chequers_serial_rivers_small_3, chequers_serial_rivers_marsh,
          chequers_serial_rivers_micro_a, chequers_serial_rivers_small_b,
          chequers_serial_rivers_room_a, chequers_serial_rivers_micro_e,
          serial_shops, nicolae_shop_statue_plus, chequers_serial_rivers_small_3
D:5:      layout_basic, nicolae_dithmenos_shadow_blocks, uniq_edmund
Temple:   nicolae_temple_figure_zero

Skill      XL: |  1  2  3  4 |
---------------+-------------+-----
Spellcasting   | 2 3 5 7 |  7.4
Fighting       | |  2.4
Short Blades   | |  3.0
Dodging        | |  3.6
Stealth        | |  2.4

Action                   |  1- 3 |  4- 6 || total
-------------------------+-------+-------++-------
Melee: Short sword       |    46 |    21 ||    67
Throw: Dart              |    23 |    22 ||    45
  Use: Potion            |     1 |     1 ||     2
       Scroll            |     5 |       ||     5
 Stab: Sleeping          |     2 |       ||     2
       Distracted        |     1 |       ||     1
Armor: Robe              |    12 |       ||    12
Dodge: Dodged            |    28 |    12 ||    40
